3261 views
Uploaded 2020-04-14 14:47:31
Game version 1.32.3
34:14 long 4on4 ladder game on (8)NerubianPassage
Saved by BEARAND
3261 views
Uploaded 2020-04-14 14:47:31
Game version 1.32.3
34:14 long 4on4 ladder game on (8)NerubianPassage


157 units @ 16k
/ 2k
402 buildings @ 22.5k
/ 12.4k



| Orb of Venom | 1 | 325 |
| Staff of Teleportation | 3 | 450 |
| Boots of Speed | 1 | 250 |
| Staff of Sanctuary | 3 | 750 |
| Medallion of Courage | 1 | 500 |
| Cloak of Flames | 1 | 500 |
| Boots of Quel'Thalas +6 | 1 | 400 |
| Robe of the Magi +6 | 1 | 400 |
| total: | 12 | 3575g |
| Wisp | 48 | 2880 | / | 0 |
| total: | 48 | 2880g | / | 0w |
| Altar of Elders | 1 | 180 | / | 50 |
| Moon Well | 9 | 1620 | / | 360 |
| Tree of Life | 5 | 1700 | / | 925 |
| Hunter's Hall | 1 | 210 | / | 100 |
| Ancient of Wonders | 3 | 270 | / | 90 |
| Tree of Ages | 1 | 320 | / | 180 |
| Tree of Eternity | 1 | 330 | / | 200 |
| total: | 19 | 3980g | / | 1525w |
| 0:01 | Wisp |
| 0:05 | Altar of Elders |
| 0:13 | Wisp |
| 0:16 | Moon Well |
| 0:23 | Wisp |
| 0:30 | Wisp |
| 0:44 | Wisp |
| 0:56 | Wisp |
| 1:20 | Wisp |
| 1:24 | Moon Well |
| 1:30 | Wisp |
| 1:54 | Wisp |
| 1:55 | Wisp |
| 2:06 | Force of Nature |
| 2:40 | Wisp |
| 2:40 | Wisp |
| 2:53 | Wisp |
| 3:04 | Tree of Life |
| 3:09 | Wisp |
| 3:26 | Wisp |
| 4:03 | Tree of Ages |
| 4:29 | Entangling Roots |
| 4:57 | Staff of Teleportation |
| 7:50 | Entangling Roots |
| 8:11 | Soul Burn |
| 8:20 | Tree of Eternity |
| 8:22 | Moon Well |
| 8:25 | Tree of Life |
| 9:44 | Hunter's Hall |
| 9:57 | Staff of Teleportation |
| 10:26 | Moon Well |
| 10:34 | Moon Well |
| 10:37 | Moon Well |
| 11:01 | Wisp |
| 11:01 | Wisp |
| 11:01 | Wisp |
| 11:02 | Wisp |
| 11:07 | Wisp |
| 11:07 | Wisp |
| 11:07 | Wisp |
| 11:07 | Wisp |
| 11:08 | Wisp |
| 11:13 | Frost Arrows |
| 11:16 | Incinerate |
| 11:29 | Well Spring |
| 11:49 | Ancient of Wonders |
| 11:52 | Ancient of Wonders |
| 11:53 | Ancient of Wonders |
| 12:07 | Nature's Blessing |
| 12:11 | Wisp |
| 12:11 | Wisp |
| 12:22 | Boots of Speed |
| 13:11 | Wisp |
| 13:11 | Wisp |
| 13:12 | Wisp |
| 13:13 | Wisp |
| 13:13 | Wisp |
| 13:41 | Wisp |
| 14:43 | Ultravision |
| 15:02 | Staff of Teleportation |
| 15:51 | Thorns Aura |
| 16:37 | Wisp |
| 16:37 | Wisp |
| 17:52 | Wisp |
| 18:28 | Staff of Sanctuary |
| 18:29 | Staff of Sanctuary |
| 18:48 | Staff of Sanctuary |
| 19:27 | Wisp |
| 19:27 | Wisp |
| 19:27 | Wisp |
| 19:36 | Tree of Life |
| 21:02 | Soul Burn |
| 21:12 | Forked Lightning |
| 22:06 | Wisp |
| 22:07 | Wisp |
| 22:53 | Moon Well |
| 22:54 | Moon Well |
| 22:55 | Moon Well |
| 25:29 | Medallion of Courage |
| 25:31 | Cloak of Flames |
| 25:32 | Boots of Quel'Thalas +6 |
| 25:33 | Robe of the Magi +6 |
| 25:55 | Entangling Roots |
| 26:57 | Tree of Life |
| 28:13 | Orb of Venom |
| 29:14 | Incinerate |
| 29:32 | Frost Arrows |
| 30:44 | Wisp |
| 30:44 | Wisp |
| 30:44 | Wisp |
| 31:16 | Tree of Life |
| 33:22 | Wisp |
| 33:22 | Wisp |
| 33:23 | Wisp |
| 33:23 | Wisp |
| 33:23 | Wisp |
| 33:25 | Forked Lightning |
| Right click | 2077 |
| Select | 1007 |
| Select group | 615 |
| Assign group | 159 |
| Resource trade | 145 |
| Build/train/purchase | 90 |
| Use ability | 88 |
| Misc. action | 52 |
| Minimap ping | 20 |
| Chat | 9 |
| Item give/drop | 7 |



| Healing Salve | 2 | 200 |
| Lesser Clarity Potion | 2 | 140 |
| Boots of Speed | 3 | 750 |
| Staff of Teleportation | 3 | 450 |
| Staff of Sanctuary | 2 | 500 |
| Orb of Venom | 2 | 650 |
| total: | 14 | 2690g |
| Peon | 12 | 900 | / | 0 |
| Troll Batrider | 42 | 6720 | / | 1680 |
| total: | 54 | 7620g | / | 1680w |
| Watch Tower | 25 | 2750 | / | 2000 |
| Altar of Storms | 1 | 180 | / | 50 |
| Orc Burrow | 4 | 640 | / | 160 |
| War Mill | 1 | 205 | / | 0 |
| Voodoo Lounge | 1 | 130 | / | 30 |
| Great Hall | 1 | 385 | / | 185 |
| Beastiary | 2 | 290 | / | 280 |
| Stronghold | 1 | 315 | / | 190 |
| Fortress | 1 | 325 | / | 190 |
| total: | 35 | 4580g | / | 2705w |
| 0:02 | Peon |
| 0:04 | Altar of Storms |
| 0:19 | Orc Burrow |
| 0:20 | Peon |
| 0:20 | Peon |
| 0:37 | Peon |
| 0:37 | Peon |
| 0:53 | War Mill |
| 0:55 | Peon |
| 1:11 | Peon |
| 1:34 | Peon |
| 1:44 | Peon |
| 2:02 | Peon |
| 2:07 | Watch Tower |
| 2:08 | Wind Walk |
| 2:13 | Peon |
| 2:21 | Peon |
| 2:37 | Voodoo Lounge |
| 3:09 | Watch Tower |
| 3:09 | Watch Tower |
| 3:25 | Orc Burrow |
| 3:46 | Watch Tower |
| 3:49 | Stronghold |
| 4:14 | Boots of Speed |
| 4:15 | Staff of Teleportation |
| 4:40 | Watch Tower |
| 5:20 | Critical Strike |
| 5:28 | Watch Tower |
| 5:51 | Watch Tower |
| 5:52 | Watch Tower |
| 6:22 | Healing Salve |
| 6:22 | Lesser Clarity Potion |
| 6:24 | Fortress |
| 6:29 | Beastiary |
| 6:34 | Watch Tower |
| 6:36 | Lesser Clarity Potion |
| 6:36 | Healing Salve |
| 7:06 | Healing Wave |
| 8:07 | Watch Tower |
| 8:07 | Watch Tower |
| 8:11 | Troll Batrider |
| 8:22 | Orc Burrow |
| 8:44 | Troll Batrider |
| 8:47 | Reinforced Defenses |
| 9:16 | Wind Walk |
| 9:59 | Hex |
| 10:15 | Watch Tower |
| 10:16 | Watch Tower |
| 10:38 | War Stomp |
| 10:45 | Boots of Speed |
| 10:46 | Staff of Teleportation |
| 10:46 | Boots of Speed |
| 11:57 | Troll Batrider |
| 12:12 | Steel Armor |
| 12:18 | Staff of Teleportation |
| 12:24 | Watch Tower |
| 12:25 | Watch Tower |
| 13:39 | Troll Batrider |
| 13:43 | Orc Burrow |
| 13:46 | Spiked Barricades |
| 13:58 | Watch Tower |
| 13:59 | Watch Tower |
| 14:00 | Watch Tower |
| 14:02 | Watch Tower |
| 14:02 | Watch Tower |
| 14:45 | Watch Tower |
| 14:46 | Troll Batrider |
| 15:49 | Endurance Aura |
| 16:37 | Troll Batrider |
| 16:56 | Staff of Sanctuary |
| 17:50 | Troll Batrider |
| 17:53 | Troll Batrider |
| 17:53 | Troll Batrider |
| 18:20 | Troll Batrider |
| 18:31 | Orb of Venom |
| 18:56 | Watch Tower |
| 18:58 | Troll Batrider |
| 19:22 | Thorium Armor |
| 19:24 | Beastiary |
| 19:44 | Troll Batrider |
| 20:04 | Watch Tower |
| 20:04 | Watch Tower |
| 20:05 | Watch Tower |
| 20:13 | Troll Batrider |
| 20:15 | Critical Strike |
| 20:16 | Healing Wave |
| 20:48 | Troll Batrider |
| 20:49 | Troll Batrider |
| 21:31 | Troll Batrider |
| 21:31 | Troll Batrider |
| 21:31 | Troll Batrider |
| 22:10 | Troll Batrider |
| 22:10 | Troll Batrider |
| 22:24 | War Stomp |
| 22:34 | Orb of Venom |
| 23:07 | Troll Batrider |
| 24:04 | Great Hall |
| 24:11 | Troll Batrider |
| 24:24 | Troll Batrider |
| 24:30 | Troll Batrider |
| 24:30 | Troll Batrider |
| 25:21 | Troll Batrider |
| 25:21 | Troll Batrider |
| 25:22 | Troll Batrider |
| 25:46 | Troll Batrider |
| 25:46 | Troll Batrider |
| 25:49 | Hex |
| 26:00 | Critical Strike |
| 26:35 | Troll Batrider |
| 27:15 | Troll Batrider |
| 28:11 | Staff of Sanctuary |
| 28:59 | Troll Batrider |
| 28:59 | Troll Batrider |
| 28:59 | Troll Batrider |
| 30:32 | Troll Batrider |
| 30:32 | Troll Batrider |
| 30:32 | Troll Batrider |
| 30:53 | Troll Batrider |
| 30:53 | Troll Batrider |
| 31:30 | Troll Batrider |
| 31:30 | Troll Batrider |
| 31:39 | Healing Wave |
| 31:41 | Endurance Aura |
| 32:30 | Bladestorm |
| Right click | 2003 |
| Select group | 953 |
| Select | 393 |
| Assign group | 277 |
| Build/train/purchase | 160 |
| Use ability | 156 |
| Chat | 73 |
| Misc. action | 37 |
| Resource trade | 29 |
| Item give/drop | 10 |
| Remove unit | 2 |
| Minimap ping | 1 |



| Lesser Clarity Potion | 1 | 70 |
| Staff of Sanctuary | 3 | 750 |
| Boots of Speed | 3 | 750 |
| Staff of Teleportation | 3 | 450 |
| Circlet of Nobility | 2 | 350 |
| Healing Salve | 1 | 100 |
| Orb of Venom | 3 | 975 |
| Legion Doom-Horn | 1 | 500 |
| total: | 17 | 3945g |
| Peasant | 23 | 1725 | / | 0 |
| Dragonhawk Rider | 5 | 1000 | / | 150 |
| Priest | 1 | 135 | / | 10 |
| total: | 29 | 2860g | / | 160w |
| Scout Tower | 201 | 6030 | / | 4020 |
| Arcane Tower | 5 | 350 | / | 250 |
| Guard Tower | 62 | 4340 | / | 3100 |
| Altar of Kings | 1 | 180 | / | 50 |
| Farm | 5 | 400 | / | 100 |
| Lumber Mill | 1 | 120 | / | 0 |
| Town Hall | 1 | 385 | / | 205 |
| Arcane Vault | 4 | 520 | / | 120 |
| Blacksmith | 1 | 140 | / | 60 |
| Barracks | 1 | 160 | / | 60 |
| Arcane Sanctum | 1 | 150 | / | 140 |
| Gryphon Aviary | 1 | 140 | / | 150 |
| Keep | 1 | 320 | / | 210 |
| Castle | 2 | 720 | / | 420 |
| total: | 217 | 8225g | / | 4905w |
| 0:04 | Peasant |
| 0:05 | Peasant |
| 0:08 | Altar of Kings |
| 0:11 | Farm |
| 0:13 | Peasant |
| 0:13 | Peasant |
| 0:18 | Peasant |
| 0:44 | Peasant |
| 0:49 | Scout Tower |
| 0:54 | Lumber Mill |
| 1:01 | Peasant |
| 1:11 | Farm |
| 1:20 | Arcane Tower |
| 1:25 | Peasant |
| 1:42 | Scout Tower |
| 1:52 | Peasant |
| 1:52 | Peasant |
| 1:57 | Scout Tower |
| 1:58 | Peasant |
| 2:08 | Farm |
| 2:11 | Blizzard |
| 2:16 | Scout Tower |
| 2:16 | Arcane Tower |
| 2:21 | Peasant |
| 2:21 | Peasant |
| 2:27 | Guard Tower |
| 2:28 | Scout Tower |
| 3:04 | Guard Tower |
| 3:06 | Scout Tower |
| 3:07 | Guard Tower |
| 3:09 | Scout Tower |
| 3:11 | Peasant |
| 3:11 | Peasant |
| 3:36 | Guard Tower |
| 3:37 | Scout Tower |
| 3:40 | Guard Tower |
| 3:42 | Scout Tower |
| 3:43 | Scout Tower |
| 3:44 | Keep |
| 3:46 | Healing Salve |
| 3:46 | Lesser Clarity Potion |
| 4:11 | Boots of Speed |
| 4:11 | Staff of Teleportation |
| 4:19 | Guard Tower |
| 4:21 | Scout Tower |
| 4:25 | Scout Tower |
| 4:26 | Scout Tower |
| 4:27 | Scout Tower |
| 4:28 | Scout Tower |
| 4:29 | Improved Masonry |
| 4:45 | Guard Tower |
| 4:48 | Scout Tower |
| 4:49 | Scout Tower |
| 5:19 | Brilliance Aura |
| 5:31 | Town Hall |
| 5:36 | Scout Tower |
| 5:37 | Scout Tower |
| 5:37 | Scout Tower |
| 5:38 | Scout Tower |
| 6:02 | Guard Tower |
| 6:04 | Scout Tower |
| 6:05 | Scout Tower |
| 6:05 | Scout Tower |
| 6:06 | Scout Tower |
| 6:06 | Scout Tower |
| 6:07 | Scout Tower |
| 7:03 | Guard Tower |
| 7:10 | Blizzard |
| 7:21 | Guard Tower |
| 7:24 | Guard Tower |
| 7:25 | Peasant |
| 7:25 | Peasant |
| 7:26 | Peasant |
| 7:27 | Guard Tower |
| 7:28 | Scout Tower |
| 7:30 | Scout Tower |
| 7:30 | Scout Tower |
| 7:35 | Guard Tower |
| 7:36 | Scout Tower |
| 7:37 | Scout Tower |
| 7:39 | Scout Tower |
| 7:42 | Storm Bolt |
| 7:57 | Improved Lumber Harvesting |
| 8:07 | Arcane Sanctum |
| 8:27 | Guard Tower |
| 8:37 | Peasant |
| 8:37 | Peasant |
| 8:51 | Guard Tower |
| 8:52 | Arcane Tower |
| 8:58 | Peasant |
| 8:58 | Peasant |
| 9:40 | Castle |
| 9:43 | Magic Sentry |
| 9:44 | Advanced Masonry |
| 10:27 | Thunder Clap |
| 10:34 | Guard Tower |
| 10:36 | Scout Tower |
| 10:37 | Scout Tower |
| 10:37 | Scout Tower |
| 10:38 | Scout Tower |
| 10:38 | Scout Tower |
| 10:39 | Scout Tower |
| 10:41 | Scout Tower |
| 10:42 | Scout Tower |
| 10:42 | Scout Tower |
| 10:43 | Scout Tower |
| 10:43 | Scout Tower |
| 10:43 | Scout Tower |
| 10:46 | Arcane Vault |
| 10:47 | Arcane Vault |
| 10:52 | Gryphon Aviary |
| 10:53 | Blacksmith |
| 10:55 | Barracks |
| 11:07 | Guard Tower |
| 11:12 | Scout Tower |
| 11:12 | Scout Tower |
| 11:13 | Scout Tower |
| 11:14 | Scout Tower |
| 11:14 | Scout Tower |
| 11:15 | Scout Tower |
| 11:15 | Scout Tower |
| 11:16 | Scout Tower |
| 11:18 | Scout Tower |
| 11:18 | Scout Tower |
| 11:28 | Priest Adept Training |
| 11:30 | Farm |
| 11:31 | Farm |
| 11:42 | Circlet of Nobility |
| 11:43 | Staff of Teleportation |
| 11:43 | Boots of Speed |
| 11:54 | Guard Tower |
| 11:57 | Guard Tower |
| 11:59 | Guard Tower |
| 12:17 | Guard Tower |
| 12:18 | Guard Tower |
| 12:19 | Guard Tower |
| 12:21 | Guard Tower |
| 13:12 | Animal War Training |
| 13:13 | Studded Leather Armor |
| 13:15 | Dragonhawk Rider |
| 13:15 | Dragonhawk Rider |
| 13:15 | Dragonhawk Rider |
| 13:17 | Peasant |
| 13:20 | Holy Light |
| 13:31 | Arcane Vault |
| 13:32 | Arcane Vault |
| 13:35 | Scout Tower |
| 13:36 | Scout Tower |
| 13:37 | Scout Tower |
| 13:37 | Scout Tower |
| 13:42 | Orb of Venom |
| 13:56 | Guard Tower |
| 13:58 | Scout Tower |
| 13:59 | Scout Tower |
| 13:59 | Scout Tower |
| 14:00 | Scout Tower |
| 14:00 | Scout Tower |
| 14:02 | Staff of Sanctuary |
| 14:37 | Boots of Speed |
| 14:38 | Circlet of Nobility |
| 14:46 | Guard Tower |
| 14:47 | Guard Tower |
| 14:48 | Scout Tower |
| 14:49 | Scout Tower |
| 14:49 | Scout Tower |
| 14:50 | Scout Tower |
| 14:50 | Scout Tower |
| 14:51 | Scout Tower |
| 15:33 | Guard Tower |
| 15:35 | Scout Tower |
| 15:36 | Scout Tower |
| 15:36 | Scout Tower |
| 15:37 | Scout Tower |
| 16:49 | Guard Tower |
| 16:51 | Scout Tower |
| 16:52 | Scout Tower |
| 16:53 | Scout Tower |
| 16:53 | Scout Tower |
| 16:55 | Guard Tower |
| 16:56 | Scout Tower |
| 16:57 | Scout Tower |
| 16:57 | Scout Tower |
| 16:58 | Scout Tower |
| 17:01 | Imbued Masonry |
| 17:14 | Staff of Teleportation |
| 17:39 | Guard Tower |
| 17:45 | Scout Tower |
| 17:46 | Scout Tower |
| 17:46 | Scout Tower |
| 17:47 | Scout Tower |
| 17:49 | Scout Tower |
| 17:49 | Scout Tower |
| 17:50 | Scout Tower |
| 17:50 | Scout Tower |
| 17:53 | Orb of Venom |
| 18:18 | Storm Bolt |
| 18:21 | Divine Shield |
| 18:40 | Guard Tower |
| 18:45 | Scout Tower |
| 18:45 | Scout Tower |
| 18:46 | Scout Tower |
| 18:46 | Scout Tower |
| 18:48 | Guard Tower |
| 18:50 | Scout Tower |
| 18:51 | Scout Tower |
| 18:51 | Scout Tower |
| 18:52 | Scout Tower |
| 18:53 | Scout Tower |
| 18:56 | Guard Tower |
| 18:58 | Scout Tower |
| 18:59 | Scout Tower |
| 19:00 | Scout Tower |
| 19:02 | Scout Tower |
| 19:12 | Brilliance Aura |
| 19:21 | Cloud |
| 19:22 | Reinforced Leather Armor |
| 19:22 | Iron Forged Swords |
| 19:48 | Guard Tower |
| 19:51 | Scout Tower |
| 19:52 | Scout Tower |
| 19:53 | Scout Tower |
| 19:53 | Scout Tower |
| 19:54 | Scout Tower |
| 19:54 | Scout Tower |
| 19:55 | Scout Tower |
| 19:59 | Guard Tower |
| 20:03 | Guard Tower |
| 20:05 | Scout Tower |
| 20:06 | Scout Tower |
| 20:08 | Scout Tower |
| 20:08 | Scout Tower |
| 20:08 | Scout Tower |
| 20:09 | Scout Tower |
| 21:22 | Guard Tower |
| 21:26 | Scout Tower |
| 21:26 | Scout Tower |
| 21:27 | Scout Tower |
| 21:28 | Scout Tower |
| 21:33 | Guard Tower |
| 21:37 | Scout Tower |
| 21:37 | Scout Tower |
| 21:38 | Scout Tower |
| 21:39 | Scout Tower |
| 21:39 | Scout Tower |
| 21:39 | Scout Tower |
| 21:41 | Guard Tower |
| 21:44 | Scout Tower |
| 21:44 | Scout Tower |
| 21:45 | Scout Tower |
| 21:46 | Guard Tower |
| 22:07 | Holy Light |
| 22:29 | Guard Tower |
| 22:30 | Scout Tower |
| 22:31 | Scout Tower |
| 22:32 | Scout Tower |
| 22:32 | Scout Tower |
| 22:33 | Scout Tower |
| 22:34 | Scout Tower |
| 22:39 | Scout Tower |
| 22:40 | Scout Tower |
| 22:40 | Scout Tower |
| 22:41 | Scout Tower |
| 23:28 | Thunder Clap |
| 23:40 | Guard Tower |
| 23:41 | Scout Tower |
| 23:42 | Scout Tower |
| 23:42 | Scout Tower |
| 23:43 | Scout Tower |
| 23:45 | Scout Tower |
| 23:46 | Scout Tower |
| 24:00 | Guard Tower |
| 24:15 | Guard Tower |
| 24:17 | Scout Tower |
| 24:17 | Scout Tower |
| 24:21 | Guard Tower |
| 24:22 | Scout Tower |
| 24:24 | Scout Tower |
| 24:27 | Scout Tower |
| 24:29 | Scout Tower |
| 24:29 | Scout Tower |
| 24:30 | Scout Tower |
| 24:38 | Guard Tower |
| 24:55 | Scout Tower |
| 24:56 | Scout Tower |
| 24:56 | Scout Tower |
| 25:24 | Guard Tower |
| 25:25 | Scout Tower |
| 25:26 | Scout Tower |
| 25:27 | Scout Tower |
| 25:27 | Scout Tower |
| 25:58 | Guard Tower |
| 26:47 | Devotion Aura |
| 26:56 | Guard Tower |
| 26:59 | Scout Tower |
| 27:00 | Scout Tower |
| 27:00 | Scout Tower |
| 27:04 | Guard Tower |
| 27:06 | Scout Tower |
| 27:07 | Scout Tower |
| 27:07 | Scout Tower |
| 27:08 | Scout Tower |
| 27:08 | Scout Tower |
| 27:09 | Scout Tower |
| 27:17 | Priest |
| 27:17 | Priest Master Training |
| 27:31 | Dragonhide Armor |
| 27:32 | Steel Forged Swords |
| 27:34 | Staff of Sanctuary |
| 27:38 | Guard Tower |
| 27:39 | Scout Tower |
| 27:40 | Scout Tower |
| 27:40 | Scout Tower |
| 27:41 | Scout Tower |
| 28:01 | Scout Tower |
| 28:01 | Scout Tower |
| 28:02 | Scout Tower |
| 28:03 | Scout Tower |
| 28:04 | Scout Tower |
| 28:05 | Scout Tower |
| 28:09 | Guard Tower |
| 28:11 | Scout Tower |
| 28:13 | Scout Tower |
| 28:13 | Scout Tower |
| 28:16 | Guard Tower |
| 28:17 | Scout Tower |
| 28:38 | Staff of Sanctuary |
| 28:46 | Guard Tower |
| 28:52 | Guard Tower |
| 28:54 | Arcane Tower |
| 29:00 | Guard Tower |
| 29:25 | Guard Tower |
| 29:26 | Scout Tower |
| 29:27 | Scout Tower |
| 29:28 | Scout Tower |
| 29:28 | Scout Tower |
| 29:53 | Orb of Venom |
| 30:27 | Dragonhawk Rider |
| 30:27 | Dragonhawk Rider |
| 30:45 | Blizzard |
| 31:15 | Guard Tower |
| 31:16 | Scout Tower |
| 31:17 | Scout Tower |
| 31:17 | Scout Tower |
| 31:17 | Scout Tower |
| 31:18 | Scout Tower |
| 31:18 | Scout Tower |
| 31:22 | Scout Tower |
| 31:23 | Scout Tower |
| 31:24 | Scout Tower |
| 31:25 | Scout Tower |
| 31:45 | Legion Doom-Horn |
| 32:13 | Guard Tower |
| 32:23 | Storm Bolt |
| 33:12 | Guard Tower |
| 33:16 | Guard Tower |
| 34:05 | Scout Tower |
| 34:06 | Scout Tower |
| 34:11 | Scout Tower |
| 34:12 | Scout Tower |
| Right click | 2045 |
| Select group | 1591 |
| Select | 473 |
| Build/train/purchase | 194 |
| Use ability | 136 |
| Misc. action | 93 |
| Minimap ping | 44 |
| Chat | 36 |
| Assign group | 15 |
| Item give/drop | 11 |
| Esc | 9 |



| Staff of Sanctuary | 3 | 750 |
| Staff of Teleportation | 3 | 450 |
| Boots of Speed | 3 | 750 |
| Periapt of Vitality | 1 | 325 |
| Orb of Venom | 2 | 650 |
| Belt of Giant Strength +6 | 1 | 400 |
| Robe of the Magi +6 | 1 | 400 |
| Legion Doom-Horn | 1 | 500 |
| The Lion Horn of Stormwind | 1 | 400 |
| total: | 16 | 4625g |
| Peasant | 20 | 1500 | / | 0 |
| Priest | 1 | 135 | / | 10 |
| Dragonhawk Rider | 5 | 1000 | / | 150 |
| total: | 26 | 2635g | / | 160w |
| Scout Tower | 114 | 3420 | / | 2280 |
| Arcane Tower | 9 | 630 | / | 450 |
| Guard Tower | 68 | 4760 | / | 3400 |
| Altar of Kings | 1 | 180 | / | 50 |
| Farm | 5 | 400 | / | 100 |
| Lumber Mill | 1 | 120 | / | 0 |
| Arcane Vault | 4 | 520 | / | 120 |
| Town Hall | 1 | 385 | / | 205 |
| Blacksmith | 1 | 140 | / | 60 |
| Barracks | 1 | 160 | / | 60 |
| Arcane Sanctum | 1 | 150 | / | 140 |
| Gryphon Aviary | 2 | 280 | / | 300 |
| Keep | 2 | 640 | / | 420 |
| Castle | 1 | 360 | / | 210 |
| total: | 131 | 5755g | / | 3315w |
| 0:02 | Peasant |
| 0:03 | Peasant |
| 0:10 | Altar of Kings |
| 0:20 | Farm |
| 0:26 | Peasant |
| 0:38 | Lumber Mill |
| 0:44 | Peasant |
| 0:50 | Scout Tower |
| 1:03 | Peasant |
| 1:08 | Farm |
| 1:08 | Peasant |
| 1:12 | Peasant |
| 1:16 | Scout Tower |
| 1:37 | Arcane Tower |
| 1:37 | Peasant |
| 1:45 | Peasant |
| 1:52 | Peasant |
| 2:00 | Peasant |
| 2:06 | Guard Tower |
| 2:07 | Scout Tower |
| 2:08 | Blizzard |
| 2:15 | Peasant |
| 2:25 | Peasant |
| 2:27 | Scout Tower |
| 2:28 | Peasant |
| 2:37 | Peasant |
| 2:42 | Guard Tower |
| 3:03 | Scout Tower |
| 3:04 | Scout Tower |
| 3:05 | Guard Tower |
| 3:20 | Arcane Vault |
| 3:50 | Brilliance Aura |
| 4:08 | Town Hall |
| 4:09 | Peasant |
| 4:11 | Scout Tower |
| 4:33 | Scout Tower |
| 4:42 | Staff of Teleportation |
| 4:42 | Boots of Speed |
| 4:51 | Arcane Tower |
| 4:53 | Keep |
| 5:22 | Blizzard |
| 5:24 | Guard Tower |
| 5:24 | Scout Tower |
| 5:25 | Scout Tower |
| 5:26 | Guard Tower |
| 5:28 | Improved Masonry |
| 5:28 | Guard Tower |
| 5:33 | Scout Tower |
| 5:34 | Scout Tower |
| 5:35 | Scout Tower |
| 5:38 | Scout Tower |
| 5:38 | Scout Tower |
| 5:40 | Scout Tower |
| 5:49 | Farm |
| 5:49 | Farm |
| 5:56 | Guard Tower |
| 6:05 | Scout Tower |
| 6:09 | Scout Tower |
| 6:09 | Scout Tower |
| 6:10 | Scout Tower |
| 6:28 | Scout Tower |
| 6:29 | Scout Tower |
| 6:29 | Scout Tower |
| 6:31 | Scout Tower |
| 6:31 | Scout Tower |
| 6:32 | Scout Tower |
| 7:08 | Guard Tower |
| 7:10 | Guard Tower |
| 7:11 | Guard Tower |
| 7:44 | Guard Tower |
| 7:44 | Guard Tower |
| 7:46 | Guard Tower |
| 7:47 | Guard Tower |
| 8:04 | Guard Tower |
| 8:07 | Improved Lumber Harvesting |
| 8:16 | Guard Tower |
| 8:17 | Scout Tower |
| 8:17 | Scout Tower |
| 8:22 | Scout Tower |
| 8:22 | Scout Tower |
| 8:23 | Scout Tower |
| 8:23 | Scout Tower |
| 8:25 | Scout Tower |
| 8:26 | Scout Tower |
| 8:43 | Guard Tower |
| 8:45 | Scout Tower |
| 8:45 | Scout Tower |
| 8:45 | Scout Tower |
| 8:47 | Storm Bolt |
| 8:50 | Scout Tower |
| 8:50 | Scout Tower |
| 8:51 | Scout Tower |
| 8:51 | Scout Tower |
| 8:53 | Guard Tower |
| 9:17 | Guard Tower |
| 9:19 | Advanced Masonry |
| 9:46 | Castle |
| 9:48 | Peasant |
| 9:48 | Peasant |
| 9:48 | Peasant |
| 10:11 | Guard Tower |
| 10:12 | Scout Tower |
| 10:12 | Scout Tower |
| 10:13 | Scout Tower |
| 10:14 | Scout Tower |
| 10:41 | Guard Tower |
| 11:03 | Guard Tower |
| 11:05 | Scout Tower |
| 11:06 | Scout Tower |
| 11:06 | Scout Tower |
| 11:16 | Brilliance Aura |
| 11:22 | Arcane Vault |
| 11:26 | Arcane Vault |
| 11:28 | Arcane Vault |
| 11:30 | Guard Tower |
| 11:31 | Guard Tower |
| 11:45 | Guard Tower |
| 11:50 | Bash |
| 11:56 | Arcane Sanctum |
| 12:06 | Guard Tower |
| 12:08 | Scout Tower |
| 12:08 | Scout Tower |
| 12:09 | Scout Tower |
| 12:10 | Scout Tower |
| 12:10 | Scout Tower |
| 12:11 | Scout Tower |
| 12:13 | Guard Tower |
| 12:15 | Guard Tower |
| 12:17 | Scout Tower |
| 12:17 | Scout Tower |
| 12:18 | Scout Tower |
| 13:18 | Holy Light |
| 13:20 | Staff of Sanctuary |
| 13:25 | Boots of Speed |
| 13:29 | Periapt of Vitality |
| 13:37 | Staff of Sanctuary |
| 13:40 | Guard Tower |
| 13:42 | Scout Tower |
| 13:43 | Scout Tower |
| 13:44 | Scout Tower |
| 13:44 | Scout Tower |
| 13:45 | Scout Tower |
| 13:45 | Scout Tower |
| 13:47 | Imbued Masonry |
| 13:47 | Advanced Lumber Harvesting |
| 13:48 | Magic Sentry |
| 13:56 | Staff of Teleportation |
| 13:57 | Boots of Speed |
| 14:41 | Guard Tower |
| 14:44 | Scout Tower |
| 14:45 | Scout Tower |
| 16:53 | Guard Tower |
| 17:05 | Guard Tower |
| 17:29 | Gryphon Aviary |
| 17:29 | Gryphon Aviary |
| 17:31 | Blacksmith |
| 17:31 | Barracks |
| 17:32 | Farm |
| 17:36 | Staff of Sanctuary |
| 17:41 | Guard Tower |
| 17:42 | Scout Tower |
| 17:43 | Scout Tower |
| 17:43 | Scout Tower |
| 17:44 | Scout Tower |
| 17:45 | Guard Tower |
| 17:46 | Scout Tower |
| 17:49 | Scout Tower |
| 17:49 | Scout Tower |
| 17:50 | Scout Tower |
| 17:54 | Peasant |
| 17:58 | Scout Tower |
| 17:59 | Scout Tower |
| 18:00 | Scout Tower |
| 18:01 | Scout Tower |
| 18:01 | Scout Tower |
| 18:02 | Scout Tower |
| 18:02 | Scout Tower |
| 18:02 | Scout Tower |
| 18:23 | Priest |
| 18:23 | Priest Adept Training |
| 18:55 | Dragonhawk Rider |
| 18:57 | Iron Forged Swords |
| 18:57 | Studded Leather Armor |
| 18:58 | Animal War Training |
| 19:08 | Arcane Tower |
| 19:08 | Guard Tower |
| 19:09 | Guard Tower |
| 19:10 | Guard Tower |
| 19:12 | Scout Tower |
| 19:13 | Scout Tower |
| 19:13 | Scout Tower |
| 19:13 | Scout Tower |
| 19:14 | Scout Tower |
| 19:23 | Arcane Tower |
| 19:23 | Arcane Tower |
| 19:24 | Guard Tower |
| 19:40 | Guard Tower |
| 19:46 | Scout Tower |
| 19:47 | Scout Tower |
| 19:47 | Scout Tower |
| 19:48 | Scout Tower |
| 19:53 | Dragonhawk Rider |
| 19:54 | Cloud |
| 20:38 | Arcane Tower |
| 20:39 | Guard Tower |
| 21:13 | Guard Tower |
| 21:17 | Staff of Teleportation |
| 21:59 | Divine Shield |
| 22:12 | Arcane Tower |
| 22:29 | Dragonhawk Rider |
| 22:30 | Steel Forged Swords |
| 22:30 | Reinforced Leather Armor |
| 22:58 | Belt of Giant Strength +6 |
| 23:00 | Robe of the Magi +6 |
| 23:01 | Legion Doom-Horn |
| 23:04 | The Lion Horn of Stormwind |
| 24:42 | Orb of Venom |
| 25:55 | Dragonhawk Rider |
| 26:02 | Storm Bolt |
| 26:48 | Scout Tower |
| 26:48 | Scout Tower |
| 26:49 | Scout Tower |
| 26:49 | Scout Tower |
| 26:50 | Scout Tower |
| 26:50 | Scout Tower |
| 26:50 | Scout Tower |
| 26:53 | Blizzard |
| 27:09 | Orb of Venom |
| 27:34 | Guard Tower |
| 28:34 | Arcane Tower |
| 28:34 | Guard Tower |
| 28:41 | Guard Tower |
| 28:48 | Mithril Forged Swords |
| 28:48 | Dragonhide Armor |
| 30:36 | Holy Light |
| 30:52 | Dragonhawk Rider |
| 31:58 | Scout Tower |
| 31:59 | Scout Tower |
| 31:59 | Scout Tower |
| 31:59 | Scout Tower |
| 32:00 | Scout Tower |
| 32:01 | Scout Tower |
| 32:01 | Scout Tower |
| 32:01 | Scout Tower |
| 32:02 | Scout Tower |
| 32:02 | Scout Tower |
| 32:02 | Scout Tower |
| 32:03 | Scout Tower |
| 32:05 | Scout Tower |
| 32:05 | Scout Tower |
| 32:06 | Scout Tower |
| 32:06 | Scout Tower |
| 32:06 | Scout Tower |
| 33:25 | Guard Tower |
| 33:46 | Arcane Tower |
| 33:56 | Bash |
| Right click | 2601 |
| Select | 824 |
| Select group | 742 |
| Build/train/purchase | 205 |
| Chat | 158 |
| Use ability | 107 |
| Misc. action | 45 |
| Resource trade | 25 |
| Assign group | 19 |
| Minimap ping | 10 |
| Item give/drop | 7 |
| Remove unit | 2 |
182 units @ 29.4k
/ 5.6k
73 buildings @ 11.1k
/ 4.9k


| Scroll of Town Portal | 4 | 1400 |
| Dust of Appearance | 1 | 75 |
| Scroll of Protection | 2 | 300 |
| total: | 7 | 1775g |
| Wisp | 13 | 780 | / | 0 |
| Archer | 17 | 2210 | / | 170 |
| Hippogryph | 10 | 1600 | / | 200 |
| total: | 40 | 4590g | / | 370w |
| Ancient of War | 1 | 150 | / | 60 |
| Moon Well | 8 | 1440 | / | 320 |
| Altar of Elders | 1 | 180 | / | 50 |
| Hunter's Hall | 1 | 210 | / | 100 |
| Ancient of Wind | 2 | 300 | / | 280 |
| Tree of Ages | 1 | 320 | / | 180 |
| Tree of Eternity | 1 | 330 | / | 200 |
| total: | 13 | 2280g | / | 810w |
| 0:03 | Wisp |
| 0:03 | Wisp |
| 0:26 | Wisp |
| 0:28 | Ancient of War |
| 0:32 | Moon Well |
| 0:39 | Wisp |
| 0:40 | Wisp |
| 0:48 | Altar of Elders |
| 1:06 | Wisp |
| 1:16 | Moon Well |
| 1:30 | Archer |
| 1:35 | Wisp |
| 1:46 | Archer |
| 1:58 | Archer |
| 2:15 | Archer |
| 2:42 | Moon Well |
| 2:47 | Archer |
| 3:06 | Archer |
| 3:06 | Archer |
| 3:21 | Force of Nature |
| 3:27 | Archer |
| 3:51 | Tree of Ages |
| 3:53 | Archer |
| 4:47 | Thorns Aura |
| 5:24 | Archer |
| 5:24 | Archer |
| 5:56 | Archer |
| 6:01 | Moon Well |
| 6:08 | Hunter's Hall |
| 7:04 | Force of Nature |
| 7:23 | Ancient of Wind |
| 7:25 | Ancient of Wind |
| 7:27 | Strength of the Moon |
| 7:27 | Moon Armor |
| 7:27 | Strength of the Wild |
| 7:45 | Moon Well |
| 7:55 | Wisp |
| 7:55 | Wisp |
| 7:56 | Wisp |
| 7:56 | Wisp |
| 7:56 | Wisp |
| 8:35 | Hippogryph |
| 8:35 | Hippogryph |
| 8:49 | Trueshot Aura |
| 9:36 | Scroll of Town Portal |
| 9:37 | Scroll of Protection |
| 9:53 | Hippogryph |
| 9:53 | Hippogryph |
| 9:56 | Tree of Eternity |
| 10:31 | Reinforced Hides |
| 10:34 | Improved Bows |
| 11:04 | Hippogryph |
| 11:08 | Archer |
| 11:16 | Searing Arrows |
| 11:38 | Thorns Aura |
| 11:44 | Improved Reinforced Hides |
| 11:46 | Improved Moon Armor |
| 12:39 | Improved Strength of the Moon |
| 12:40 | Improved Strength of the Wild |
| 12:44 | Wisp |
| 13:09 | Trueshot Aura |
| 13:27 | Advanced Reinforced Hides |
| 13:34 | Moon Well |
| 13:58 | Marksmanship |
| 14:42 | Moon Well |
| 14:44 | Advanced Moon Armor |
| 15:26 | Scroll of Town Portal |
| 15:28 | Dust of Appearance |
| 16:01 | Searing Arrows |
| 16:35 | Moon Well |
| 16:53 | Advanced Strength of the Moon |
| 19:06 | Hippogryph |
| 19:06 | Hippogryph |
| 19:08 | Advanced Strength of the Wild |
| 19:44 | Scroll of Town Portal |
| 20:13 | Archer |
| 20:30 | Archer |
| 22:07 | Hippogryph |
| 22:08 | Hippogryph |
| 23:09 | Hippogryph |
| 23:14 | Archer |
| 23:14 | Archer |
| 24:31 | Force of Nature |
| 24:49 | Scroll of Town Portal |
| 24:50 | Scroll of Protection |
| 26:16 | Trueshot Aura |
| Right click | 1010 |
| Select | 582 |
| Build/train/purchase | 107 |
| Use ability | 25 |
| Item give/drop | 7 |
| Remove unit | 2 |


| Orb of Venom | 3 | 975 |
| Potion of Healing | 3 | 450 |
| Staff of Preservation | 1 | 150 |
| Scroll of Town Portal | 6 | 2100 |
| Boots of Speed | 1 | 250 |
| Potion of Lesser Invulnerability | 1 | 150 |
| Claws of Attack +12 | 1 | 500 |
| total: | 16 | 4575g |
| Wisp | 27 | 1620 | / | 0 |
| Dryad | 6 | 870 | / | 360 |
| Druid of the Claw | 20 | 5100 | / | 1600 |
| Mountain Giant | 1 | 350 | / | 100 |
| total: | 54 | 7940g | / | 2060w |
| Altar of Elders | 1 | 180 | / | 50 |
| Moon Well | 6 | 1080 | / | 240 |
| Hunter's Hall | 1 | 210 | / | 100 |
| Ancient of Wonders | 1 | 90 | / | 30 |
| Tree of Life | 1 | 340 | / | 185 |
| Ancient of War | 2 | 300 | / | 120 |
| Ancient of Lore | 5 | 775 | / | 725 |
| Tree of Ages | 2 | 640 | / | 360 |
| Tree of Eternity | 3 | 990 | / | 600 |
| total: | 17 | 2975g | / | 1450w |
| 0:03 | Wisp |
| 0:03 | Wisp |
| 0:03 | Wisp |
| 0:20 | Altar of Elders |
| 0:25 | Wisp |
| 0:25 | Wisp |
| 0:32 | Moon Well |
| 0:35 | Wisp |
| 0:35 | Wisp |
| 0:35 | Wisp |
| 1:00 | Wisp |
| 1:00 | Wisp |
| 1:01 | Wisp |
| 1:01 | Wisp |
| 1:01 | Wisp |
| 1:20 | Moon Well |
| 2:24 | Force of Nature |
| 2:33 | Tree of Ages |
| 2:37 | Moon Well |
| 3:03 | Hunter's Hall |
| 3:40 | Moon Well |
| 4:31 | Entangling Roots |
| 4:57 | Ancient of Lore |
| 5:00 | Ancient of Lore |
| 5:02 | Ancient of Lore |
| 5:07 | Wisp |
| 5:08 | Wisp |
| 5:08 | Wisp |
| 5:08 | Wisp |
| 6:08 | Tree of Eternity |
| 6:10 | Druid of the Claw Adept Training |
| 6:11 | Dryad |
| 6:12 | Dryad |
| 6:15 | Dryad |
| 6:34 | Dryad |
| 6:52 | Druid of the Claw |
| 7:10 | Druid of the Claw |
| 7:10 | Druid of the Claw |
| 7:19 | Ancient of Wonders |
| 7:34 | Dryad |
| 7:49 | Abolish Magic |
| 7:59 | Force of Nature |
| 8:01 | Searing Arrows |
| 8:16 | Dryad |
| 8:37 | Druid of the Claw Master Training |
| 8:56 | Moon Well |
| 8:59 | Moon Well |
| 9:02 | Trueshot Aura |
| 9:12 | Well Spring |
| 9:32 | Druid of the Claw |
| 9:40 | Strength of the Wild |
| 10:10 | Boots of Speed |
| 10:25 | Potion of Lesser Invulnerability |
| 10:37 | Druid of the Claw |
| 10:37 | Druid of the Claw |
| 11:12 | Druid of the Claw |
| 11:12 | Druid of the Claw |
| 11:39 | Mark of the Claw |
| 12:10 | Druid of the Claw |
| 12:34 | Druid of the Claw |
| 13:21 | Druid of the Claw |
| 13:36 | Tree of Life |
| 13:50 | Druid of the Claw |
| 13:53 | Druid of the Claw |
| 13:53 | Druid of the Claw |
| 14:26 | Reinforced Hides |
| 15:02 | Druid of the Claw |
| 15:43 | Scroll of Town Portal |
| 15:43 | Scroll of Town Portal |
| 15:43 | Scroll of Town Portal |
| 15:52 | Wisp |
| 15:52 | Wisp |
| 16:14 | Wisp |
| 16:14 | Wisp |
| 16:14 | Wisp |
| 16:17 | Wisp |
| 16:18 | Wisp |
| 16:18 | Wisp |
| 17:27 | Druid of the Claw |
| 17:31 | Wisp |
| 17:31 | Wisp |
| 17:55 | Claws of Attack +12 |
| 18:20 | Improved Reinforced Hides |
| 18:21 | Improved Strength of the Wild |
| 18:25 | Ultravision |
| 19:26 | Hardened Skin |
| 19:27 | Resistant Skin |
| 19:28 | Mountain Giant |
| 20:09 | Trueshot Aura |
| 20:25 | Druid of the Claw |
| 21:19 | Druid of the Claw |
| 21:45 | Ancient of Lore |
| 21:53 | Ancient of War |
| 21:55 | Ancient of War |
| 22:14 | Advanced Strength of the Wild |
| 22:46 | Advanced Reinforced Hides |
| 23:14 | Scroll of Town Portal |
| 23:20 | Orb of Venom |
| 23:20 | Orb of Venom |
| 23:36 | Vorpal Blades |
| 24:00 | Ancient of Lore |
| 25:46 | Entangling Roots |
| 26:08 | Druid of the Claw |
| 27:13 | Druid of the Claw |
| 27:40 | Scroll of Town Portal |
| 27:41 | Potion of Healing |
| 28:27 | Scroll of Town Portal |
| 28:28 | Staff of Preservation |
| 28:31 | Orb of Venom |
| 28:39 | Potion of Healing |
| 28:39 | Potion of Healing |
| Right click | 1133 |
| Select group | 390 |
| Select | 369 |
| Misc. action | 218 |
| Build/train/purchase | 136 |
| Use ability | 62 |
| Assign group | 53 |
| Chat | 9 |
| Esc | 5 |
| Item give/drop | 4 |
| Remove unit | 1 |



| Rod of Necromancy | 1 | 150 |
| Potion of Healing | 3 | 450 |
| Potion of Lesser Invulnerability | 5 | 750 |
| Scroll of Protection | 1 | 150 |
| Periapt of Vitality | 2 | 650 |
| Healing Wards | 1 | 450 |
| Talisman of Evasion | 3 | 900 |
| total: | 16 | 3500g |
| Acolyte | 9 | 675 | / | 0 |
| Ghoul | 9 | 1080 | / | 0 |
| Crypt Fiend | 4 | 860 | / | 160 |
| Obsidian Statue | 5 | 1000 | / | 175 |
| Abomination | 4 | 960 | / | 280 |
| Meat Wagon | 2 | 460 | / | 100 |
| Frost Wyrm | 10 | 3850 | / | 1200 |
| total: | 43 | 8885g | / | 1915w |
| Nerubian Tower | 1 | 100 | / | 20 |
| Spirit Tower | 2 | 290 | / | 80 |
| Ziggurat | 9 | 1350 | / | 450 |
| Crypt | 1 | 200 | / | 50 |
| Altar of Darkness | 1 | 180 | / | 50 |
| Tomb of Relics | 2 | 260 | / | 60 |
| Graveyard | 1 | 215 | / | 0 |
| Necropolis | 1 | 225 | / | 0 |
| Slaughterhouse | 2 | 280 | / | 270 |
| Sacrificial Pit | 1 | 75 | / | 150 |
| Boneyard | 2 | 350 | / | 400 |
| Halls of the Dead | 1 | 320 | / | 210 |
| Black Citadel | 1 | 325 | / | 230 |
| total: | 20 | 3135g | / | 1430w |
| 0:05 | Acolyte |
| 0:07 | Ziggurat |
| 0:13 | Crypt |
| 0:16 | Acolyte |
| 0:37 | Altar of Darkness |
| 1:03 | Ziggurat |
| 1:13 | Tomb of Relics |
| 1:16 | Tomb of Relics |
| 1:19 | Ghoul |
| 1:34 | Ghoul |
| 1:52 | Ghoul |
| 2:10 | Ghoul |
| 2:28 | Ghoul |
| 2:37 | Death Coil |
| 2:44 | Graveyard |
| 2:48 | Rod of Necromancy |
| 3:05 | Ziggurat |
| 3:36 | Ghoul |
| 4:10 | Ghoul |
| 4:12 | Halls of the Dead |
| 4:23 | Unholy Aura |
| 4:33 | Ghoul |
| 4:53 | Ghoul |
| 5:29 | Crypt Fiend |
| 5:59 | Crypt Fiend |
| 6:01 | Creature Attack |
| 6:20 | Unholy Strength |
| 6:29 | Crypt Fiend |
| 6:41 | Slaughterhouse |
| 6:44 | Acolyte |
| 6:44 | Acolyte |
| 6:44 | Acolyte |
| 7:21 | Ziggurat |
| 7:28 | Acolyte |
| 7:28 | Acolyte |
| 7:41 | Acolyte |
| 7:41 | Acolyte |
| 8:00 | Ziggurat |
| 8:15 | Frost Nova |
| 8:17 | Obsidian Statue |
| 8:24 | Unholy Armor |
| 8:33 | Black Citadel |
| 8:52 | Ziggurat |
| 8:55 | Nerubian Tower |
| 9:02 | Obsidian Statue |
| 9:07 | Slaughterhouse |
| 9:18 | Death Coil |
| 9:25 | Web |
| 9:29 | Improved Creature Attack |
| 9:44 | Potion of Lesser Invulnerability |
| 10:19 | Improved Unholy Armor |
| 10:20 | Improved Unholy Strength |
| 10:23 | Spirit Tower |
| 10:54 | Frost Armor |
| 10:59 | Disease Cloud |
| 10:59 | Abomination |
| 11:12 | Ziggurat |
| 11:42 | Abomination |
| 12:07 | Abomination |
| 13:05 | Unholy Aura |
| 13:21 | Impale |
| 13:23 | Potion of Healing |
| 13:23 | Potion of Healing |
| 13:28 | Frost Nova |
| 13:44 | Crypt Fiend |
| 13:46 | Creature Carapace |
| 13:46 | Advanced Creature Attack |
| 13:47 | Advanced Unholy Strength |
| 14:02 | Destroyer Form |
| 14:02 | Abomination |
| 15:25 | Advanced Unholy Armor |
| 15:25 | Improved Creature Carapace |
| 15:39 | Potion of Lesser Invulnerability |
| 15:39 | Scroll of Protection |
| 15:58 | Obsidian Statue |
| 15:58 | Obsidian Statue |
| 16:17 | Periapt of Vitality |
| 16:41 | Healing Wards |
| 16:44 | Talisman of Evasion |
| 16:44 | Talisman of Evasion |
| 16:44 | Talisman of Evasion |
| 17:45 | Exhume Corpses |
| 17:45 | Meat Wagon |
| 17:45 | Meat Wagon |
| 18:01 | Sacrificial Pit |
| 18:53 | Potion of Lesser Invulnerability |
| 19:28 | Spiked Carapace |
| 19:35 | Ziggurat |
| 19:36 | Necropolis |
| 19:39 | Ziggurat |
| 20:38 | Boneyard |
| 20:40 | Boneyard |
| 21:33 | Advanced Creature Carapace |
| 21:43 | Potion of Lesser Invulnerability |
| 21:43 | Periapt of Vitality |
| 22:13 | Frost Armor |
| 22:22 | Freezing Breath |
| 22:22 | Frost Wyrm |
| 23:05 | Frost Wyrm |
| 23:05 | Frost Wyrm |
| 24:24 | Frost Wyrm |
| 24:25 | Frost Wyrm |
| 26:22 | Frost Wyrm |
| 26:22 | Frost Wyrm |
| 27:05 | Frost Wyrm |
| 27:32 | Obsidian Statue |
| 28:11 | Potion of Healing |
| 29:08 | Potion of Lesser Invulnerability |
| 29:51 | Frost Wyrm |
| 29:51 | Frost Wyrm |
| Select group | 882 |
| Right click | 598 |
| Misc. action | 411 |
| Select | 390 |
| Build/train/purchase | 135 |
| Use ability | 75 |
| Assign group | 45 |
| Item give/drop | 8 |
| Remove unit | 3 |


| Orb of Fire | 1 | 325 |
| Potion of Healing | 1 | 150 |
| Scroll of Regeneration | 1 | 100 |
| Scroll of Healing | 1 | 250 |
| Periapt of Vitality | 2 | 650 |
| Staff of Teleportation | 1 | 150 |
| total: | 7 | 1625g |
| Peasant | 13 | 975 | / | 0 |
| Footman | 3 | 405 | / | 0 |
| Rifleman | 8 | 1640 | / | 240 |
| Priest | 3 | 405 | / | 30 |
| Gryphon Rider | 14 | 3920 | / | 980 |
| Blue Dragonspawn Meddler | 2 | 290 | / | 0 |
| Polar Furbolg Shaman | 1 | 275 | / | 30 |
| Barbed Arachnathid | 1 | 95 | / | 5 |
| total: | 45 | 8005g | / | 1285w |
| Scout Tower | 1 | 30 | / | 20 |
| Arcane Tower | 1 | 70 | / | 50 |
| Altar of Kings | 1 | 180 | / | 50 |
| Farm | 12 | 960 | / | 240 |
| Barracks | 1 | 160 | / | 60 |
| Lumber Mill | 1 | 120 | / | 0 |
| Blacksmith | 1 | 140 | / | 60 |
| Arcane Vault | 1 | 130 | / | 30 |
| Town Hall | 1 | 385 | / | 205 |
| Arcane Sanctum | 1 | 150 | / | 140 |
| Gryphon Aviary | 2 | 280 | / | 300 |
| Workshop | 1 | 140 | / | 140 |
| Keep | 1 | 320 | / | 210 |
| Castle | 1 | 360 | / | 210 |
| total: | 23 | 2675g | / | 1245w |
| 0:03 | Peasant |
| 0:12 | Altar of Kings |
| 0:18 | Peasant |
| 0:21 | Farm |
| 0:31 | Barracks |
| 0:43 | Peasant |
| 1:02 | Peasant |
| 1:14 | Peasant |
| 1:33 | Farm |
| 1:42 | Lumber Mill |
| 1:52 | Blacksmith |
| 1:53 | Peasant |
| 2:16 | Footman |
| 2:19 | Summon Water Elemental |
| 2:32 | Footman |
| 3:08 | Footman |
| 3:12 | Keep |
| 3:51 | Blue Dragonspawn Meddler |
| 4:17 | Black Gunpowder |
| 4:18 | Improved Masonry |
| 4:25 | Farm |
| 4:28 | Farm |
| 4:39 | Blizzard |
| 4:49 | Arcane Vault |
| 5:12 | Rifleman |
| 5:38 | Rifleman |
| 5:41 | Studded Leather Armor |
| 5:48 | Arcane Sanctum |
| 6:16 | Long Rifles |
| 6:40 | Rifleman |
| 8:01 | Priest |
| 8:04 | Refined Gunpowder |
| 8:14 | Rifleman |
| 8:19 | Advanced Masonry |
| 8:21 | Improved Lumber Harvesting |
| 8:22 | Imbued Masonry |
| 8:24 | Reinforced Leather Armor |
| 8:35 | Peasant |
| 8:35 | Peasant |
| 8:46 | Rifleman |
| 9:30 | Divine Shield |
| 9:32 | Priest |
| 9:39 | Peasant |
| 9:39 | Peasant |
| 9:45 | Periapt of Vitality |
| 10:10 | Castle |
| 10:58 | Town Hall |
| 11:10 | Farm |
| 11:49 | Polar Furbolg Shaman |
| 11:53 | Blue Dragonspawn Meddler |
| 11:54 | Barbed Arachnathid |
| 12:10 | Gryphon Aviary |
| 12:13 | Gryphon Aviary |
| 12:39 | Farm |
| 12:41 | Farm |
| 13:34 | Storm Hammers |
| 13:34 | Gryphon Rider |
| 14:22 | Rifleman |
| 14:41 | Gryphon Rider |
| 14:50 | Imbued Gunpowder |
| 14:59 | Peasant |
| 15:33 | Gryphon Rider |
| 15:54 | Priest Adept Training |
| 16:23 | Gryphon Rider |
| 17:09 | Gryphon Rider |
| 17:12 | Dragonhide Armor |
| 17:14 | Advanced Lumber Harvesting |
| 18:18 | Peasant |
| 18:21 | Peasant |
| 18:57 | Brilliance Aura |
| 18:58 | Holy Light |
| 19:28 | Periapt of Vitality |
| 19:30 | Scroll of Healing |
| 19:42 | Staff of Teleportation |
| 21:01 | Gryphon Rider |
| 21:01 | Gryphon Rider |
| 21:34 | Rifleman |
| 21:34 | Rifleman |
| 22:00 | Gryphon Rider |
| 22:05 | Farm |
| 22:08 | Farm |
| 23:38 | Gryphon Rider |
| 25:08 | Gryphon Rider |
| 25:09 | Gryphon Rider |
| 25:21 | Gryphon Rider |
| 25:54 | Farm |
| 25:58 | Priest Master Training |
| 25:59 | Priest |
| 26:21 | Workshop |
| 27:45 | Orb of Fire |
| 27:45 | Potion of Healing |
| 27:51 | Scroll of Regeneration |
| 28:10 | Farm |
| 28:13 | Farm |
| 28:26 | Gryphon Rider |
| 29:25 | Scout Tower |
| 31:49 | Gryphon Rider |
| 32:19 | Arcane Tower |
| Right click | 531 |
| Select | 411 |
| Build/train/purchase | 92 |
| Select group | 17 |
| Use ability | 11 |
| Assign group | 6 |
| Esc | 2 |
⇛